 Dungeon Crawl Stone Soup version 0.29.1-12-g30fa7ad0bf (webtiles) character file.

Game seed: 2071789575129446078

6 Radix the Stinger (level 1, -1/15 HPs)
             Began as a Naga Venom Mage on Jan 14, 2023.
             Slain by a dart slug (3 damage)
             ... on level 1 of the Dungeon.
             The game lasted 00:01:11 (282 turns).

Radix the Stinger (Naga Venom Mage)                  Turns: 282, Time: 00:01:12

Health: -1/15      AC:  1    Str: 10    XL:     1   Next: 90%
Magic:  0/3        EV:  9    Int: 15    God:
Gold:   15         SH:  0    Dex: 11    Spells: 3/4 levels left

rFire   . . .      SeeInvis +   d - +0 dagger
rCold   . . .      Faith    .   (no shield)
rNeg    . . .      Spirit   .   a - +0 robe
rPois   +          Reflect  .   (no helmet)
rElec   .          Harm     .   (no cloak)
rCorr   .          Rampage  .   (no gloves)
Will    .....                   (no barding)
Stlth   ++........              (no amulet)
HPRegen 0.05/turn               (no ring)
MPRegen 0.08/turn               (no ring)

@: very slow
A: AC +0, large, see invisible, deformed body, poison resistance, slowness 2,
spit poison 1, naga tail 1
a: Spit Poison


You were on level 1 of the Dungeon.
You visited 1 branch of the dungeon, and saw 1 of its levels.

You collected 15 gold pieces.

Inventory:

Hand Weapons
 d - a +0 dagger (weapon)
Armour
 a - a +0 robe (worn)
Potions
 b - a potion of magic
 c - a potion of lignification {unknown}


   Skills:
 - Level 1.5 Dodging
 - Level 3.0 Stealth
 + Level 2.2 Spellcasting
 - Level 1.0 Transmutations
 + Level 4.3 Poison Magic


You had 3 spell levels left.
You knew the following spells:

 Your Spells              Type           Power      Damage    Failure   Level
a - Sting                 Tmut/Pois      36%        1d4       8%          1

Your spell library contained the following spells:

 Spells                   Type           Power      Damage    Failure   Level
 Poisonous Vapours        Pois/Air       16%        N/A       14%         2
 Mephitic Cloud           Conj/Pois/Air  6%         N/A       34%         3
 Olgreb's Toxic Radiance  Pois           14%        N/A       36%         4


Dungeon Overview and Level Annotations

Branches:
Dungeon (1/15)

Altars:


Innate Abilities, Weirdness & Mutations

Your serpentine skin is tough. (AC +0)
You have supernaturally acute eyesight. (SInv)
Armour fits poorly on your strangely shaped body.
Your system is resistant to poisons. (rPois)
You cover ground very slowly.
You can spit poison.
You have a snake-like lower body.


Message History

You hit the endoplasm.
The endoplasm is almost dead.
The endoplasm freezes you.
You are frozen.
You hit the endoplasm.
You kill the endoplasm!
The dart slug launches a dart at you. The slug dart hits you.
Found a scroll labelled NEEMUT KOHO.
The dart slug bites you but does no damage.
You hit the dart slug.
The dart slug is lightly wounded.
The dart slug barely misses you.
You hit the dart slug.
The dart slug is moderately wounded.
You hit the dart slug.
The dart slug is moderately wounded.
The dart slug launches a dart at you. The slug dart misses you.
You hit the dart slug.
The dart slug is heavily wounded.
The dart slug barely misses you. The giant cockroach barely misses you.
You hit the dart slug but do no damage.
The dart slug is heavily wounded.
The giant cockroach closely misses you.
Aiming: Sting (safe; 8% risk of failure)
Press: ? - help, Q - select action, (/) - cycle Shift-Dir - straight line, f - giant cockroach
Aim: a giant cockroach (68% to hit)
The sting hits the giant cockroach but does no damage.
The giant cockroach is poisoned.
The dart slug launches a dart at you. The slug dart hits you.
* * * LOW HITPOINT WARNING * * *
The giant cockroach closely misses you.
You hit the dart slug but do no damage.
The dart slug is heavily wounded.
The giant cockroach bites you.
* * * LOW HITPOINT WARNING * * *
The dart slug bites you.
You die...

## ####..? .......
...!... ###########
....... #.........#
.......####.........#
.........##.........#
......B#..#.........#
.......@#.#.........##
.......w#..#....###..#
......).####+#######'#
.!#..$!## #(........##
....... ...#####...##
.#..### #.#.###.#.#.#
.... #.##.#.##.##. ##.
#.###.###.###
##.####.##.#.##.###


You could see a dart slug and a giant cockroach (poisoned).

Vanquished Creatures
  An endoplasm (D:1)
  2 goblins (D:1)
  A quokka (D:1)
  A rat (D:1)
5 creatures vanquished.

Notes
Turn   | Place    | Note
-------+----------+-------------------------------------------
     0 | D:1      | Radix the Naga Venom Mage began the quest for the Orb.
     0 | D:1      | Reached XP level 1. HP: 15/15 MP: 3/3
   282 | D:1      | Slain by a dart slug

Illustrated notes

Levels and vault maps discovered:
D:1:      roderic_octagonal_star, layout_rooms, corner_web_ring

Action                   || total
-------------------------++-------
Melee: Dagger            ||    12
 Cast: Sting             ||     7
Armor: Robe              ||     1
Dodge: Dodged            ||     8
